 Dungeon Crawl Stone Soup version 0.30-a0-1123-gabc949cf19 (webtiles) character file.

Game seed: 17640691855271168315

7 BlueFish the Charlatan (level 2, 0/18 HPs)
             Began as an Octopode Artificer on Apr 23, 2023.
             Succumbed to a kobold's poison
             ... on level 1 of the Dungeon.
             The game lasted 00:00:47 (161 turns).

BlueFish the Charlatan (Octopode Artificer)          Turns: 161, Time: 00:00:48

Health: 0/18       AC:  1    Str: 11    XL:     2   Next: 0%
Magic:  2/2        EV: 13    Int: 13    God:
Gold:   15         SH:  0    Dex: 12    Spells: 1/1 levels left

rFire   . . .        a - +0 club
rCold   . . .        (no shield)
rNeg    . . .        (helmet restricted)
rPois   .            (no amulet)
rElec   .            (no ring)
rCorr   .            (no ring)
SInv    .            (no ring)
Will    .....        (no ring)
Stlth   +++          (no ring)
HPRegen 0.23/turn    (no ring)
MPRegen 0.08/turn    (no ring)
                     (no ring)

%: no passive effects
@: lethally poisoned (0 -> -2)
A: almost no armour, amphibious, 8 rings, camouflage 1, gelatinous body 1,
(nimble swimmer 1), tentacles
a: no special abilities


You were on level 1 of the Dungeon.
You visited 1 branch of the dungeon, and saw 1 of its levels.

You collected 15 gold pieces.

Inventory:

Hand Weapons
 a - a +0 club (weapon)
Wands
 b - a wand of flame (15) (quivered)
 c - a wand of charming (15)
 d - a wand of iceblast (5)


   Skills:
 + Level 1.1 Fighting
 + Level 0.2 Maces & Flails
 + Level 2.4 Dodging
 * Level 2.0 Stealth
 + Level 0.3 Spellcasting
 + Level 3.3 Evocations


You had one spell level left.
You didn't know any spells.
Your spell library contained the following spells:

 Spells                   Type           Power      Damage    Failure   Level
 Slow                     Hex            0%         N/A       30%         1
 Confusing Touch          Hex            0%         N/A       67%         3
 Vampiric Draining        Necr           0%         2d6       67%         3


Dungeon Overview and Level Annotations

Branches:
Dungeon (1/15)

Altars:


Innate Abilities, Weirdness & Mutations

You cannot wear most types of armour.
You are amphibious.
You can wear up to eight rings at the same time.
Your skin changes colour to match your surroundings (Stealth+).
Your rubbery body absorbs attacks. (AC +1, EV +1)
((You are camouflaged when in or above water. (Stealth+)))
You have tentacles for arms and can constrict up to eight enemies at once.


Message History

You kill the rat!
Your Stealth skill increases to level 2!
No target in view!
e - a scroll labelled UHOL MYGGUTWO
Found a leather armour.
You open the door.
There is an open door here.
You open the door.
A kobold comes into view.
It is wielding a +0 short sword of venom.
A kobold comes into view. It is wielding a +0 club.
There is an open door here.
Found a sling.
The kobold shouts!
You hear a shout!
You barely miss the kobold. Your grab misses the kobold.
The kobold hits you but does no damage.
The kobold hits you with a +0 short sword of venom.
You are lethally poisoned!
You hit the kobold but do no damage. You grab the kobold.
You squeeze the kobold.
You kill the kobold!
You feel very sick.
You have reached level 2!
You aren't carrying any potions.
Blink to where?
Press: ? - help, Dir - move target
As you read the scroll labelled UHOL MYGGUTWO, it crumbles to dust.
It was a scroll of blinking.
* * * LOW HITPOINT WARNING * * *
You feel sick.
* * * LOW HITPOINT WARNING * * *
You feel sick.
Found a spear and a scroll labelled XAX FIOSOI.
* * * LOW HITPOINT WARNING * * *
You feel sick.
* * * LOW HITPOINT WARNING * * *
You feel sick.
* * * LOW HITPOINT WARNING * * *
You feel sick.
You see here a +0 spear.
You die...

.. #. ## ##.#.
#. .... #? #.#.
#.### ####.##
#... .......
#..# ##... #.@#
###. #.)# # #.
#..######.# #.
#.........#####
#.
#..###........#
##. #....#
#........# #..
#.#..#
#........###..
#.#..#
#.....)ยง.+....
# #...
+).......###..


There were no monsters in sight!

Vanquished Creatures
  An endoplasm (D:1)
  A hobgoblin (D:1)
  2 bats (D:1)
  2 kobolds (D:1)
  2 rats (D:1)
8 creatures vanquished.

Notes
Turn   | Place    | Note
-------+----------+-------------------------------------------
     0 | D:1      | BlueFish the Octopode Artificer began the quest for the
                  | Orb.
     0 | D:1      | Reached XP level 1. HP: 13/13 MP: 1/1
   106 | D:1      | Found a faded altar of an unknown god.
   156 | D:1      | Reached XP level 2. HP: 6/18 MP: 2/2
   161 | D:1      | Succumbed to a kobold's poison

Illustrated notes

Levels and vault maps discovered:
D:1:      ebering_trefoil_3fold, layout_basic, ebering_ecumenical_altar_box

Skill      XL: |  1 |
---------------+----+-----
Stealth        | 2 |  2.0
Fighting       | |  1.1
Maces & Flails | |  0.2
Dodging        | |  2.4
Spellcasting   | |  0.3
Evocations     | |  3.3

Action                     || total
---------------------------++-------
  Melee: Club              ||    18
         Constrict         ||     6
         Tentacles         ||     5
    Use: Scroll            ||     1
 Armour: Skin              ||     9
  Dodge: Dodged            ||    10

Table legend: (Time is in decaauts)
 A = Elapsed time spent in this place.
 B = Non-inter-level travel time spent in this place.
 C = Inter-level travel time spent in this place.
 D = Time resting spent in this place.
 E = Time spent auto-exploring this place.
 F = Levels seen in this place.
 G = Mean time per level.
                   A        B        C        D        E       F      G
               +--------+--------+--------+--------+--------+-----+--------+
         Total |    166 |    166 |      0 |     12 |     83 |   1 |  166.0 |
       Dungeon |    166 |    166 |      0 |     12 |     83 |   1 |  166.0 |
               +--------+--------+--------+--------+--------+-----+--------+

Top non-repeatable levels by time:
     D:1: 166 daAuts
